| TOP OF THE 1ST |
|
Reno Silver Sox batting - Pitching for Salinas Fire Frogs : RHP Francisco Baeza
|
|
Pitching: RHP Francisco Baeza
|
|
|
Batting: RHB Lemmie Miller
|
0-0: Called Strike 0-1: SINGLE (Groundball, 6D, EV 100.0 MPH)
|
|
Batting: RHB Rod Hobbs
|
0-0: SINGLE (Groundball, 6MD, EV 106.3 MPH) Lemmie Miller to second Runner from 2nd tries for 3rd, SAFE, throw by CF made to third
|
|
Batting: LHB Victor Diaz
|
0-0: SINGLE (Groundball, 56D, EV 107.5 MPH) Lemmie Miller scores Rod Hobbs to second
|
|
Batting: LHB Mike Hocutt
|
0-0: Ball 1-0: Swinging Strike 1-1: SINGLE (Line Drive, 8RS, EV 94.4 MPH) Rod Hobbs to third Victor Diaz to second Runner from 3rd tries for Home, SAFE, throw by CF to home
|
|
Batting: RHB Bill Crone
|
0-0: Ball Wild Pitch! Victor Diaz to third Mike Hocutt to second 1-0: Ball 2-0: Called Strike 2-1: TRIPLE (Line Drive, 78XD, EV 103.8 MPH) Victor Diaz scores Mike Hocutt scores
|
|
Batting: RHB Eddie Brunson
|
0-0: Ball 1-0: Hit by Pitch
|
|
Batting: RHB Luis Cabanas
|
0-0: Ball Eddie Brunson steals 2nd base (no throw) 1-0: Fly out, F8 (Flyball, 8RD, EV 90.6 MPH) Runner from 3rd tags up, SCORES, throw by CF
|
|
Batting: LHB Andrew Timko
|
0-0: Called Strike 0-1: Ball 1-1: Ball 2-1: Ground out 4-3 (Groundball, 4, EV 92.5 MPH) Eddie Brunson to third
|
|
Batting: LHB Gregory Shirley
|
0-0: Ball 1-0: Ball 2-0: Ball 3-0: Base on Balls
|
|
Batting: RHB Lemmie Miller
|
0-0: SINGLE (Groundball, 56, EV 80.0 MPH) (infield hit) Eddie Brunson scores Gregory Shirley to second
|
|
Pitching: RHP Thomas Schneider
|
|
|
Batting: RHB Rod Hobbs
|
0-0: Ball 1-0: Foul Ball, location: 2F 1-1: Called Strike 1-2: Strikes out swinging
|
| Top of the 1st over - 6 runs, 6 hits, 0 errors, 2 left on base; Reno 6 - Salinas 0 |
| BOTTOM OF THE 1ST |
|
Salinas Fire Frogs batting - Pitching for Reno Silver Sox : RHP Jeff Dedmon
|
|
Pitching: RHP Jeff Dedmon
|
|
|
Batting: RHB Bobby Morin
|
0-0: Swinging Strike 0-1: Foul Ball, location: 2F 0-2: Ball 1-2: Ball 2-2: Fly out, F9 (Flyball, 89M, EV 80.0 MPH)
|
|
Batting: RHB Carlos Urias
|
0-0: Called Strike 0-1: Ball 1-1: Foul Ball, location: 2F 1-2: Ground out 4-3 (Groundball, 4, EV 85.6 MPH)
|
|
Batting: LHB Raymond Smith
|
0-0: Swinging Strike 0-1: Ball 1-1: Ball 2-1: Swinging Strike 2-2: Foul Ball, location: 2F 2-2: Foul Ball, location: 2F 2-2: Fly out, F9 (Flyball, 9D, EV 83.1 MPH)
|
| Bottom of the 1st over - 0 runs, 0 hits, 0 errors, 0 left on base; Reno 6 - Salinas 0 |
| TOP OF THE 2ND |
|
Reno Silver Sox batting - Pitching for Salinas Fire Frogs : RHP Thomas Schneider
|
|
Batting: LHB Victor Diaz
|
0-0: Ball 1-0: Ball 2-0: Foul Ball, location: 2F 2-1: Ball 3-1: Called Strike 3-2: Ground out 5-3 (Groundball, 5, EV 108.1 MPH)
|
|
Batting: LHB Mike Hocutt
|
0-0: Called Strike 0-1: Ball 1-1: Ball 2-1: Ball 3-1: SOLO HOME RUN (Flyball, 9LD, EV 85.6 MPH), Distance : 351 ft
|
|
Batting: RHB Bill Crone
|
0-0: Swinging Strike 0-1: Fly out, F8 (Line Drive, 8LD, EV 88.1 MPH)
|
|
Batting: RHB Eddie Brunson
|
0-0: Ball 1-0: Fly out, F8 (Flyball, 89M, EV 93.1 MPH)
|
| Top of the 2nd over - 1 run, 1 hit, 0 errors, 0 left on base; Reno 7 - Salinas 0 |
| BOTTOM OF THE 2ND |
|
Salinas Fire Frogs batting - Pitching for Reno Silver Sox : RHP Jeff Dedmon
|
|
Batting: RHB Bruce Morrison
|
0-0: Foul Ball, location: 2F 0-1: Foul Ball, location: 2F 0-2: Strikes out swinging
|
|
Batting: RHB Kevin Mitchell
|
0-0: Ground out 6-3 (Groundball, 6MD, EV 100.6 MPH)
|
|
Batting: LHB Daryl Pitts
|
0-0: Ground out 3-1 (Groundball, 34S, EV 79.4 MPH)
|
| Bottom of the 2nd over - 0 runs, 0 hits, 0 errors, 0 left on base; Reno 7 - Salinas 0 |
| TOP OF THE 3RD |
|
Reno Silver Sox batting - Pitching for Salinas Fire Frogs : RHP Thomas Schneider
|
|
Batting: RHB Luis Cabanas
|
0-0: Swinging Strike 0-1: Ball 1-1: SINGLE (Line Drive, 7LM, EV 104.4 MPH)
|
|
Batting: LHB Andrew Timko
|
0-0: Swinging Strike 0-1: Ball 1-1: Grounds out, U3 (Groundball, 3L, EV 111.3 MPH)
|
|
Batting: LHB Gregory Shirley
|
0-0: Ball 1-0: Called Strike 1-1: Ball 2-1: Ball 3-1: Base on Balls
|
|
Batting: RHB Lemmie Miller
|
0-0: Called Strike 0-1: Ball 1-1: SINGLE (Groundball, 6M, EV 103.8 MPH) (infield hit) Luis Cabanas to third Gregory Shirley to second
|
|
Batting: RHB Rod Hobbs
|
0-0: Foul Ball, location: 2F 0-1: Swinging Strike 0-2: Strikes out swinging
|
|
Batting: LHB Victor Diaz
|
0-0: Ground out 4-3 (Groundball, 4, EV 86.9 MPH)
|
| Top of the 3rd over - 0 runs, 2 hits, 0 errors, 3 left on base; Reno 7 - Salinas 0 |
| BOTTOM OF THE 3RD |
|
Salinas Fire Frogs batting - Pitching for Reno Silver Sox : RHP Jeff Dedmon
|
|
Batting: LHB Charles McGehee
|
0-0: Foul Ball, location: 2F 0-1: Swinging Strike 0-2: Ball 1-2: SINGLE (Line Drive, 8LS, EV 110.0 MPH)
|
|
Batting: RHB Ramon Jimenez
|
0-0: Ball 1-0: Ball 2-0: Swinging Strike 2-1: Grounds into double play, 4-6-3 (Groundball, 4M, EV 93.1 MPH)
|
|
Batting: RHB Bruce Seid
|
0-0: Called Strike 0-1: Ball 1-1: Ball 2-1: SINGLE (Groundball, 6D, EV 103.8 MPH)
|
|
Batting: RHB Bobby Morin
|
0-0: Ball 1-0: Ball 2-0: Called Strike Bruce Seid steals 2nd base 2-1: Called Strike 2-2: Ball 3-2: Foul Ball, location: 2F 3-2: Ground out 5-3 (Groundball, 5S, EV 91.3 MPH)
|
| Bottom of the 3rd over - 0 runs, 2 hits, 0 errors, 1 left on base; Reno 7 - Salinas 0 |
| TOP OF THE 4TH |
|
Reno Silver Sox batting - Pitching for Salinas Fire Frogs : RHP Thomas Schneider
|
|
Batting: LHB Mike Hocutt
|
0-0: Called Strike 0-1: Fly out, F7 (Flyball, 78XD, EV 104.4 MPH)
|
|
Batting: RHB Bill Crone
|
0-0: Ball 1-0: Ball 2-0: Ball 3-0: Called Strike 3-1: Ground out 6-3 (Groundball, 6S, EV 86.3 MPH)
|
|
Batting: RHB Eddie Brunson
|
0-0: Called Strike 0-1: Ball 1-1: Swinging Strike 1-2: Ball 2-2: Foul Ball, location: 2F 2-2: Ball 3-2: Ground out 4-3 (Groundball, 4, EV 106.3 MPH)
|
| Top of the 4th over - 0 runs, 0 hits, 0 errors, 0 left on base; Reno 7 - Salinas 0 |
| BOTTOM OF THE 4TH |
|
Salinas Fire Frogs batting - Pitching for Reno Silver Sox : RHP Jeff Dedmon
|
|
Batting: RHB Carlos Urias
|
0-0: Ball 1-0: Ball 2-0: Ground out 6-3 (Groundball, 6M, EV 103.8 MPH)
|
|
Batting: LHB Raymond Smith
|
0-0: Called Strike 0-1: Ball 1-1: Ball 2-1: Ball 3-1: Base on Balls
|
|
Batting: RHB Bruce Morrison
|
0-0: Fly out, F7 (Flyball, 7LM, EV 105.0 MPH)
|
|
Batting: RHB Kevin Mitchell
|
0-0: Fielders Choice at 2nd, 5-4 (Groundball, 5, EV 83.1 MPH)
|
| Bottom of the 4th over - 0 runs, 0 hits, 0 errors, 1 left on base; Reno 7 - Salinas 0 |
| TOP OF THE 5TH |
|
Reno Silver Sox batting - Pitching for Salinas Fire Frogs : RHP Thomas Schneider
|
|
Pitching: RHP David Wong
|
|
|
Batting: RHB Luis Cabanas
|
0-0: Ball 1-0: Ball 2-0: Called Strike 2-1: Foul Ball, location: 2F 2-2: Foul Ball, location: 2F 2-2: Ball 3-2: Strikes out swinging
|
|
Batting: LHB Andrew Timko
|
0-0: Called Strike 0-1: Ball 1-1: Ball 2-1: Foul Ball, location: 2F 2-2: Ground out 4-3 (Groundball, 4S, EV 64.4 MPH)
|
|
Batting: LHB Gregory Shirley
|
0-0: Called Strike 0-1: Foul Ball, location: 2F 0-2: Strikes out swinging
|
| Top of the 5th over - 0 runs, 0 hits, 0 errors, 0 left on base; Reno 7 - Salinas 0 |
| BOTTOM OF THE 5TH |
|
Salinas Fire Frogs batting - Pitching for Reno Silver Sox : RHP Jeff Dedmon
|
|
Batting: LHB Daryl Pitts
|
0-0: Reached on error, E6 (Groundball, P, EV 78.8 MPH)
|
|
Batting: LHB Charles McGehee
|
0-0: Fly out, F6 (Line Drive, 6, EV 62.5 MPH)
|
|
Batting: RHB Ramon Jimenez
|
0-0: Called Strike 0-1: Ground out 6-3 (Groundball, 6, EV 90.0 MPH) Daryl Pitts to third
|
|
Batting: RHB Bruce Seid
|
0-0: Ball 1-0: Ground out 6-3 (Groundball, 6, EV 97.5 MPH)
|
| Bottom of the 5th over - 0 runs, 0 hits, 1 error, 1 left on base; Reno 7 - Salinas 0 |
| TOP OF THE 6TH |
|
Reno Silver Sox batting - Pitching for Salinas Fire Frogs : RHP David Wong
|
|
Batting: RHB Lemmie Miller
|
0-0: Swinging Strike 0-1: Foul Ball, location: 2F 0-2: Ball 1-2: Ball 2-2: Ground out 1-3 (Groundball, 15S, EV 63.1 MPH)
|
|
Batting: RHB Rod Hobbs
|
0-0: Ball 1-0: Called Strike 1-1: Ball 2-1: Swinging Strike 2-2: Ball 3-2: Foul Ball, location: 2F 3-2: Foul Ball, location: 2F 3-2: Fly out, F9 (Flyball, 89XD, EV 105.6 MPH)
|
|
Pitching: RHP John Bulleri
|
|
|
Batting: LHB Victor Diaz
|
0-0: Called Strike 0-1: Foul Ball, location: 2F 0-2: Ball 1-2: Foul Ball, location: 2F 1-2: DOUBLE (Line Drive, 9LS, EV 106.3 MPH)
|
|
Batting: LHB Mike Hocutt
|
0-0: Ball 1-0: Foul Ball, location: 2F 1-1: Swinging Strike 1-2: Ball 2-2: Ball 3-2: Foul Ball, location: 2F 3-2: Strikes out swinging
|
| Top of the 6th over - 0 runs, 1 hit, 0 errors, 1 left on base; Reno 7 - Salinas 0 |
| BOTTOM OF THE 6TH |
|
Salinas Fire Frogs batting - Pitching for Reno Silver Sox : RHP Jeff Dedmon
|
|
Batting: RHB Bobby Morin
|
0-0: Foul Ball, location: 2F 0-1: SINGLE (Groundball, 56S, EV 68.8 MPH) (infield hit)
|
|
Batting: RHB Carlos Urias
|
0-0: Called Strike 0-1: Fielders Choice at 2nd, 4-6 (Groundball, 4M, EV 83.1 MPH)
|
|
Batting: LHB Raymond Smith
|
0-0: Foul Ball, location: 2F 0-1: Foul Ball, location: 2F 0-2: Ball 1-2: Foul Ball, location: 2F 1-2: Foul Ball, location: 2F 1-2: Ball 2-2: Foul Ball, location: 2F 2-2: Ball 3-2: Foul Ball, location: 2F 3-2: DOUBLE (Line Drive, 78D, EV 105.0 MPH) Carlos Urias to third Carlos Urias scores
|
|
Batting: RHB Bruce Morrison
|
0-0: Ground out 5-3 (Groundball, 56, EV 88.8 MPH)
|
|
Batting: RHB Kevin Mitchell
|
0-0: Ball 1-0: SINGLE (Line Drive, 89S, EV 100.0 MPH) Raymond Smith to third Runner from 3rd tries for Home, SAFE, throw by RF to home
|
|
Batting: LHB Daryl Pitts
|
0-0: Ball 1-0: Ball Wild Pitch! Kevin Mitchell to second 2-0: Ball 3-0: Called Strike 3-1: Called Strike 3-2: Ground out 4-3 (Groundball, 4, EV 80.6 MPH)
|
| Bottom of the 6th over - 2 runs, 3 hits, 0 errors, 1 left on base; Reno 7 - Salinas 2 |
| TOP OF THE 7TH |
|
Reno Silver Sox batting - Pitching for Salinas Fire Frogs : RHP John Bulleri
|
|
Batting: RHB Bill Crone
|
0-0: Called Strike 0-1: Foul Ball, location: 2F 0-2: Ball 1-2: Ball 2-2: Foul Ball, location: 2F 2-2: DOUBLE (Flyball, 89D, EV 110.6 MPH)
|
|
Batting: RHB Eddie Brunson
|
0-0: Called Strike 0-1: Ball 1-1: Foul Ball, location: 2F 1-2: Ground out 6-3 (Groundball, 6, EV 89.4 MPH) Bill Crone to third
|
|
Batting: RHB Luis Cabanas
|
0-0: Ball 1-0: Foul Ball, location: 2F 1-1: Ball 2-1: Fly out, F8 (Flyball, 8LD, EV 102.5 MPH)
|
|
Batting: LHB Andrew Timko
|
0-0: Called Strike 0-1: Ball 1-1: Called Strike 1-2: Foul Ball, location: 2F 1-2: SINGLE (Groundball, 4MD, EV 98.1 MPH) Bill Crone scores
|
|
Batting: LHB Gregory Shirley
|
0-0: Called Strike 0-1: Ball 1-1: Ball 2-1: Called Strike 2-2: Foul Ball, location: 2F 2-2: Ball 3-2: Foul Ball, location: 2F 3-2: Foul Ball, location: 2F 3-2: SINGLE (Flyball, 9S, EV 93.8 MPH) Andrew Timko to second Andrew Timko to third
|
|
Batting: RHB Lemmie Miller
|
0-0: Called Strike 0-1: Fly out, F8 (Line Drive, 8RD, EV 97.5 MPH)
|
| Top of the 7th over - 1 run, 3 hits, 0 errors, 2 left on base; Reno 8 - Salinas 2 |
| BOTTOM OF THE 7TH |
|
Salinas Fire Frogs batting - Pitching for Reno Silver Sox : RHP Jeff Dedmon
|
|
Batting: LHB Charles McGehee
|
0-0: Called Strike 0-1: Called Strike 0-2: Strikes out swinging, 2-3 out at first.
|
|
Batting: RHB Ramon Jimenez
|
0-0: Called Strike 0-1: Swinging Strike 0-2: Foul Ball, location: 2F 0-2: DOUBLE (Groundball, 5L, EV 100.6 MPH)
|
|
Batting: RHB Bruce Seid
|
0-0: Called Strike 0-1: Called Strike 0-2: Ball 1-2: Ball 2-2: Foul Ball, location: 2F 2-2: Ground out 6-3 (Groundball, 6, EV 83.1 MPH)
|
|
Batting: RHB Bobby Morin
|
0-0: Called Strike 0-1: Ball 1-1: Called Strike 1-2: Ground out U3 (Groundball, 34, EV 83.8 MPH)
|
| Bottom of the 7th over - 0 runs, 1 hit, 0 errors, 1 left on base; Reno 8 - Salinas 2 |
| TOP OF THE 8TH |
|
Reno Silver Sox batting - Pitching for Salinas Fire Frogs : RHP John Bulleri
|
|
Batting: RHB Rod Hobbs
|
0-0: SINGLE (Line Drive, 89S, EV 101.3 MPH)
|
|
Batting: LHB Victor Diaz
|
0-0: Called Strike 0-1: Foul Ball, location: 2F 0-2: Ball 1-2: SINGLE (Line Drive, 89M, EV 105.0 MPH) Rod Hobbs to second Runner from 2nd tries for 3rd, SAFE, no throw by CF
|
|
Batting: LHB Mike Hocutt
|
0-0: SINGLE (Popup, 34D, EV 71.9 MPH) Rod Hobbs scores Victor Diaz to second
|
|
Batting: RHB Bill Crone
|
0-0: Ball 1-0: Ball 2-0: Called Strike 2-1: Ball 3-1: Base on Balls Victor Diaz to third Mike Hocutt to second
|
|
Batting: RHB Eddie Brunson
|
0-0: Ball 1-0: Called Strike 1-1: SINGLE (Line Drive, 4MD, EV 97.5 MPH) Victor Diaz scores Mike Hocutt to third Bill Crone to second Runner from 3rd tries for Home, SAFE, throw by CF to home
|
|
Batting: RHB Luis Cabanas
|
0-0: Ball 1-0: Swinging Strike 1-1: Foul Ball, location: 2F 1-2: Ball 2-2: Strikes out swinging
|
|
Pitching: RHP Vinnie Yuhas
|
|
|
Batting: LHB Andrew Timko
|
0-0: Ball 1-0: Fly out, F6 (Flyball, 56D, EV 87.5 MPH)
|
|
Batting: LHB Gregory Shirley
|
0-0: Called Strike 0-1: Ball 1-1: Ball 2-1: Foul Ball, location: 2F 2-2: Foul Ball, location: 2F 2-2: Fly out, F9 (Flyball, 9LM, EV 87.5 MPH)
|
| Top of the 8th over - 3 runs, 4 hits, 0 errors, 2 left on base; Reno 11 - Salinas 2 |
| BOTTOM OF THE 8TH |
|
Salinas Fire Frogs batting - Pitching for Reno Silver Sox : RHP Jeff Dedmon
|
|
Pinch Hitting: RHB Richard Doss
|
0-0: Called Strike 0-1: Ground out 4-3 (Groundball, 4, EV 81.3 MPH)
|
|
Batting: LHB Raymond Smith
|
0-0: Swinging Strike 0-1: Foul Ball, location: 2F 0-2: Strikes out looking
|
|
Pinch Hitting: RHB Richard Gonzalez
|
0-0: Ball 1-0: Ball 2-0: Foul Ball, location: 2F 2-1: Called Strike 2-2: Ball 3-2: Strikes out swinging
|
| Bottom of the 8th over - 0 runs, 0 hits, 0 errors, 0 left on base; Reno 11 - Salinas 2 |
| TOP OF THE 9TH |
|
Reno Silver Sox batting - Pitching for Salinas Fire Frogs : RHP Vinnie Yuhas
|
|
Now at 3B: Richard Doss
|
|
|
Now at SS: Richard Gonzalez
|
|
|
Batting: RHB Lemmie Miller
|
0-0: Fly out, F9 (Flyball, 9D, EV 91.9 MPH)
|
|
Batting: RHB Rod Hobbs
|
0-0: Called Strike 0-1: Ball 1-1: Ball 2-1: Foul Ball, location: 2F 2-2: Ball 3-2: Base on Balls
|
|
Batting: LHB Victor Diaz
|
0-0: Ball 1-0: Called Strike 1-1: Fielders Choice at 2nd, 4-6 (Groundball, 4M, EV 105.0 MPH)
|
|
Batting: LHB Mike Hocutt
|
0-0: Ball 1-0: Ball 2-0: Ball 3-0: Base on Balls Victor Diaz to second
|
|
Batting: RHB Bill Crone
|
0-0: Ball 1-0: Ball 2-0: Foul Ball, location: 2F 2-1: Called Strike 2-2: Ball 3-2: Fly out, F9 (Flyball, 9, EV 86.9 MPH)
|
| Top of the 9th over - 0 runs, 0 hits, 0 errors, 2 left on base; Reno 11 - Salinas 2 |
| BOTTOM OF THE 9TH |
|
Salinas Fire Frogs batting - Pitching for Reno Silver Sox : RHP Jeff Dedmon
|
|
Pinch Hitting: SHB Terry Raley
|
0-0: Fly out, F7 (Line Drive, 7, EV 96.3 MPH)
|
|
Batting: LHB Daryl Pitts
|
0-0: Called Strike 0-1: Ground out U3 (Groundball, 3, EV 104.4 MPH)
|
|
Batting: LHB Charles McGehee
|
0-0: Called Strike 0-1: Foul Ball, location: 2F 0-2: Ball 1-2: Foul Ball, location: 2F 1-2: Fly out, F8 (Line Drive, 8LD, EV 90.6 MPH)
|
| Bottom of the 9th over - 0 runs, 0 hits, 0 errors, 0 left on base; Reno 11 - Salinas 2 |
|